 Dungeon Crawl Stone Soup version 0.27-a0-1085-gf0060e8 (webtiles) character file.

Game seed: 6241845269342195610

253 Meow the Stinger (level 6, -2/49 HPs)
             Began as a Naga Venom Mage on Apr 26, 2021.
             Slain by a phantom (9 damage)
             ... on level 4 of the Dungeon.
             The game lasted 00:10:09 (1717 turns).

Meow the Stinger (Naga Venom Mage)                  Turns: 1717, Time: 00:10:09

Health: -2/49      AC:  3    Str: 10    XL:     6   Next: 14%
Magic:  12/12      EV:  9    Int: 18    God:
Gold:   100        SH:  0    Dex: 11    Spells: 6/13 levels left

rFire    + . .     SeeInvis +   a - +1 hand axe (vorpal)
rCold    + . .     Faith    .   (no shield)
rNeg     . . .     Spirit   .   k - +0 robe
rPois    +         Reflect  .   (helmet restricted)
rElec    +         Harm     .   (no cloak)
rCorr    +         Rampage  .   (no gloves)
Will     .....                  (no barding)
Stlth    ++........             (no amulet)
HPRegen  0.16/turn              (no ring)
MPRegen  0.13/turn              (no ring)

@: resistant, flying, very slow
A: AC +2, large, see invisible, deformed body, poison resistance, slowness 2,
spit poison 1, naga tail 1, horns 2, sturdy frame 1
a: Spit Poison


You were on level 4 of the Dungeon.
You visited 1 branch of the dungeon, and saw 4 of its levels.

You collected 100 gold pieces.

Inventory:

Hand Weapons
 a - a +1 vorpal hand axe (weapon)
Missiles
 b - 21 arrows
 c - 4 poisoned darts (quivered)
 g - 77 stones
 l - 16 sling bullets
Armour
 k - a +0 robe (worn)
Scrolls
 m - a scroll of magic mapping


   Skills:
 - Level 1.5 Dodging
 - Level 3.0 Stealth
 + Level 4.3 Spellcasting
 - Level 1.0 Transmutations
 + Level 6.8 Poison Magic


You had 6 spell levels left.
You knew the following spells:

 Your Spells              Type           Power      Damage    Failure   Level
a - Sting                 Tmut/Pois      68%        1d6       3%          1
c - Mephitic Cloud        Conj/Pois/Air  12%        N/A       17%         3
F - Ignite Poison         Fire/Tmut/Pois 13%        N/A       14%         3

Your spell library contained the following spells:

 Spells                   Type           Power      Damage    Failure   Level
 Poisonous Vapours        Pois/Air       32%        N/A       5%          2
 Olgreb's Toxic Radiance  Pois           28%        N/A       9%          4


Dungeon Overview and Level Annotations

Branches:
Dungeon (4/15)
 Temple: D:4-7

Altars:


Innate Abilities, Weirdness & Mutations

Your serpentine skin is tough. (AC +2)
You have supernaturally acute eyesight. (SInv)
Armour fits poorly on your strangely shaped body.
Your system is resistant to poisons. (rPois)
You cover ground very slowly.
You can spit poison.
You have a snake-like lower body.
You have a pair of horns on your head.
Your movements are slightly less encumbered by armour. (ER -2)


Message History

The phantom hits you.
The phantom blinks!
You blink.
It was a potion of mutation.
You feel extremely strange. A pair of horns grows on your head!
You feel less encumbered by your armour.
The horns on your head grow some more. The phantom hits you!
The phantom blinks!
You blink.
It was a potion of flight.
You feel very buoyant.
You fly up into the air.
The phantom barely misses you.
Unknown command.
You completely miss the phantom. The phantom hits you.
The phantom blinks!
You blink.
Unknown command.
Okay, then.
You aren't carrying any items that you can evoke.
Unknown command.
Unknown command.
You hit the phantom.
The phantom is moderately damaged.
The phantom hits you.
Unknown command.
You closely miss the phantom. Your headbutt misses the phantom.
The phantom is lightly damaged.
The phantom hits you but does no damage. x2
Unknown command.
You hit the phantom.
You headbutt the phantom, but do no damage.
The phantom is moderately damaged.
The phantom barely misses you.
You hit the phantom.
The phantom is heavily damaged.
The phantom hits you.
You closely miss the phantom. Your headbutt misses the phantom.
The phantom is heavily damaged.
The phantom barely misses you. The phantom hits you!
* * * LOW HITPOINT WARNING * * *
You miss the phantom.
The phantom is heavily damaged.
The phantom hits you!
You die...

#.. ##P..# #.. #.P..#
#.#... #....#
......#####..# #
###.####W@.....########.##
.........................(
#.#.####....###......#..#.
##........<...#..#
#........(####....
#......##(# .### .
#......##.####.#
....####'######......#
..[......# ##†.....#


You could see a phantom.

Vanquished Creatures
  An ogre (D:4)
  2 iguanas (D:4)
  Jessica (D:2)
  4 adders (D:2)
  A worm (D:2)
  4 ball pythons
  An endoplasm (D:2)
  5 hobgoblins
  17 jackals
  2 kobolds
  A quokka (D:2)
  A bat (D:3)
  4 frilled lizards
  5 goblins
  2 rats
51 creatures vanquished.

Vanquished Creatures (others)
  2 fungi (D:4)
2 creatures vanquished.

Grand Total: 53 creatures vanquished

Notes
Turn   | Place    | Note
-------+----------+-------------------------------------------
     0 | D:1      | Meow the Naga Venom Mage began the quest for the Orb.
     0 | D:1      | Reached XP level 1. HP: 15/15 MP: 3/3
   134 | D:1      | Found a faded altar of an unknown god.
   194 | D:1      | Reached XP level 2. HP: 22/22 MP: 5/5
   638 | D:2      | Reached XP level 3. HP: 24/28 MP: 2/7
   642 | D:2      | Learned a level 3 spell: Mephitic Cloud
   646 | D:2      | Learned a level 3 spell: Ignite Poison
   780 | D:2      | Noticed Jessica
   783 | D:2      | Killed Jessica
   784 | D:2      | Reached skill level 5 in Poison Magic
   784 | D:2      | Reached XP level 4. HP: 36/36 MP: 8/8
  1529 | D:3      | You fall into a shaft and drop 1 floor!
  1557 | D:4      | Reached skill level 6 in Poison Magic
  1557 | D:4      | Reached XP level 5. HP: 42/42 MP: 8/10
  1603 | D:4      | Noticed an ogre
  1616 | D:4      | Killed an ogre
  1617 | D:4      | Reached XP level 6. HP: 47/49 MP: 5/12
  1709 | D:4      | Gained mutation: You have a pair of small horns on your
                  | head. [potion of mutation]
  1709 | D:4      | Gained mutation: Your movements are slightly less
                  | encumbered by armour. (ER -2) [potion of mutation]
  1709 | D:4      | Gained mutation: You have a pair of horns on your head.
                  | [potion of mutation]
  1717 | D:4      | Slain by a phantom

Illustrated notes

Levels and vault maps discovered:
D:1:      lightli_molten_gateway, layout_loops_ring,
          ebering_ecumenical_altar_rust
D:2:      layout_basic, uniq_jessica
D:3:      layout_loops_cross, minmay_tree_intersection, nrook_mini_backslash,
          uniq_ijyb
D:4:      layout_basic, kennysheep_little_box, serial_shops,
          nicolae_shop_waterfront, hangedman_decor_opposing, serial_park_tiny_2,
          uniq_crazy_yiuf_cottage

Skill      XL: |  1  2  3  4  5 |
---------------+----------------+-----
Spellcasting   | 3 4 |  4.3
Poison Magic   | 5 6 |  6.8
Dodging        | |  1.5
Stealth        | |  3.0
Transmutations | |  1.0

Action                   |  1- 3 |  4- 6 || total
-------------------------+-------+-------++-------
Melee: Hand axe          |       |    29 ||    29
       Headbutt          |       |     1 ||     1
Throw: Dart              |     9 |    23 ||    32
       Stone             |       |     1 ||     1
 Cast: Sting             |    24 |    16 ||    40
       Mephitic Cloud    |       |     5 ||     5
 Abil: Spit Poison       |    23 |    25 ||    48
  Use: Scroll            |       |     6 ||     6
       Potion            |       |     5 ||     5
 Stab: Confused          |       |     1 ||     1
Armor: Robe              |     2 |    13 ||    15
Dodge: Dodged            |     9 |    23 ||    32

Table legend: (Time is in decaauts)
 A = Elapsed time spent in this place.
 B = Non-inter-level travel time spent in this place.
 C = Inter-level travel time spent in this place.
 D = Time resting spent in this place.
 E = Time spent auto-exploring this place.
 F = Levels seen in this place.
 G = Mean time per level.
                   A        B        C        D        E       F      G
               +--------+--------+--------+--------+--------+-----+--------+
         Total |   2312 |   2193 |    119 |      0 |   1667 |   4 |  578.0 |
       Dungeon |   2312 |   2193 |    119 |      0 |   1667 |   4 |  578.0 |
               +--------+--------+--------+--------+--------+-----+--------+

Top non-repeatable levels by time:
     D:2: 1252 daAuts
     D:1: 768 daAuts
     D:4: 235 daAuts
     D:3: 57 daAuts
